 Dungeon Sprint DCSS version 0.20-a0-1116-gaa52201 (webtiles) character file.

199 Kidiri the Thaumaturge (level 5, -3/32 HPs)
             Began as a Deep Elf Fire Elementalist on May 8, 2017.
             Was an Initiate of Vehumet.
             Killed from afar by a deep elf mage (32 damage)
             ... with a shard of ice
             ... in the Dungeon (Sprint III: "The Ten Rune Challenge").
             The game lasted 00:02:35 (676 turns).

Kidiri the Thaumaturge (Deep Elf Fire Elementalist)  Turns: 676, Time: 00:02:36

Health: -3/32      AC:  2    Str:  5    XL:     5   Next: 48%
Magic:  15/18      EV: 15    Int: 21    God:    Vehumet [......]
Gold:   39         SH:  0    Dex: 15    Spells: 0/21 levels left

rFire    . . .     SeeInvis .   u - +1 dagger (freeze)
rCold    . . .     Gourm    .   (no shield)
rNeg     . . .     Faith    .   a - +0 robe
rPois    .         Spirit   .   (no helmet)
rElec    .         Reflect  .   (no cloak)
rCorr    .         Harm     .   (no gloves)
MR       .....     Clarity  +   (no boots) Stlth ++........NoTele +
                                (no amulet)
Regen    0.1/turn               (no ring)
MPRegen  0.2/turn               (no ring)

@: no status effects
A: hooves 1, clarity, mutation resistance 1, sense surroundings 1
a: Renounce Religion


You were in the Dungeon.
You worshipped Vehumet.
Vehumet was noncommittal.
You were not hungry.

You visited 1 branch You collected 39 gold pieces.

Inventory:

Hand Weapons
 u - a +1 dagger of freezing (weapon)
Armour
 a - a +0 robe (worn)
Scrolls
 i - a scroll of blinking
 l - a scroll of torment {unknown}
 m - 2 scrolls of identify {unknown}
 n - a scroll of enchant weapon {unknown}
 p - a scroll of immolation {unknown}
 q - a scroll of remove curse {unknown}
Potions
 d - 2 potions of curing
 e - a potion of heal wounds
 f - a potion of haste
 g - 2 potions of magic
 h - a potion of berserk rage
 k - a potion of lignification {unknown}
 r - a potion of might {unknown}
 s - a potion of flight {unknown}
 t - 2 potions of mutation
Comestibles
 c - 2 bread rations
 o - 2 fruits


   Skills:
 + Level 3.3 Fighting
 + Level 3.3 Armour
 + Level 5.6 Dodging
 - Level 2.4 Stealth
 * Level 8.7 Spellcasting
 + Level 4.6 Conjurations
 + Level 5.6 Fire Magic
 + Level 0.0 Air Magic
 + Level 0.0 Poison Magic


You couldn't memorise any spells.
You knew the following spells:

 Your Spells              Type           Power        Failure   Level  Hunger
a - Flame Tongue          Conj/Fire      ####.        1%          1    None
b - Throw Flame           Conj/Fire      ####..       1%          2    None
c - Conjure Flame         Conj/Fire      ####....     2%          3    None
d - Inner Flame           Hex/Fire       ###.....     7%          3    None
e - Sticky Flame          Conj/Fire      ####....     9%          4    ###....
f - Fireball              Conj/Fire      ####......   24%         5    #####..
g - Mephitic Cloud        Conj/Pois/Air  ###.....     12%         3    None


Dungeon Overview and Level Annotations

Branches:
Dungeon (1/1)

Altars:
Elyvilon
Kikubaaqudgha
Sif Muna
Vehumet
Zin
The Shining One


Innate Abilities, Weirdness & Mutations

You have large cloven feet.
You possess an exceptional clarity of mind.
You are somewhat resistant to further mutation.
You passively map a small area around you.


Message History

Casting: Flame Tongue
Confirm with . or Enter, or press ? or * to list all spells.
Aiming: Sticky Flame
Press: ? - help, Shift-Dir - straight line, f - deep elf mage
Aim: a deep elf mage, wielding a long sword of holy wrath (lightly wounded)
The sticky flame hits the deep elf mage.
The deep elf mage is moderately wounded.
The deep elf mage is covered in liquid flames!
The deep elf mage burns!
The deep elf mage gestures wildly while chanting.
The deep elf mage blinks!
Unknown command.
You close the door.
You start resting.
A deep elf mage opens the door.
It is wielding a long sword of holy wrath.
You close the door.
A deep elf mage opens the door.
The deep elf mage gestures at you while chanting.
The shard of ice hits you!
Ouch! That really hurt!
You die...

▓▓▓▓▓▓▓▓▓ ▓▓▓ ..+...♣.♣♣
♣.##### * * * ..#....♣.♣
♣.#___# _ _ , ###......♣
♣♣.#!@.#_ * ,
..#....≈.♣♣♣..###'#+###+*
,
..#...≈≈♣...♣.#...e......
..#..≈≈≈≈♣♣♣..'.⌠........
*
#'#..≈≈≈≈≈≈♣..#...######+
.)#.≈≈≈≈≈≈....#.⌠.# * *
..#.≈≈≈≈≈.....#...# ≈
..#.≈≈≈.......#+###
###...........#.[:# * ,


You could see a deep elf mage (burning).

Vanquished Creatures
  A water elemental (D)
  A scorpion (D)
  Jessica (D)
  A wizard (D)
  A human (D)
  A kobold demonologist (D)
  An ooze (D)
  2 rats (D)
9 creatures vanquished.

Vanquished Creatures (others)
  2 draconian scorchers (D)
  6 hellions (D)
  A yaktaur (D)
  3 plants (D)
12 creatures vanquished.

Grand Total: 21 creatures vanquished

Notes
Turn   | Place    | Note
-------+----------+-------------------------------------------
     0 | D        | Kidiri the Deep Elf Fire Elementalist began the quest for the Orb.
     0 | D        | Reached XP level 1. HP: 10/10 MP: 6/6
     6 | D        | Reached skill level 4 in Spellcasting
    68 | D        | Noticed Jessica
    71 | D        | Killed Jessica
    71 | D        | Reached skill level 1 in Fighting
    71 | D        | Reached skill level 1 in Armour
    71 | D        | Reached skill level 5 in Spellcasting
    71 | D        | Reached XP level 2. HP: 16/16 MP: 3/10
    71 | D        | Reached XP level 3. HP: 20/20 MP: 3/12
    75 | D        | Learned a level 2 spell: Throw Flame
    79 | D        | Learned a level 3 spell: Conjure Flame
    83 | D        | Learned a level 3 spell: Inner Flame
   102 | D        | Killed a hellion
   102 | D        | Killed a hellion
   103 | D        | Killed a hellion
   125 | D        | Killed a hellion
   127 | D        | Killed a hellion
   128 | D        | Killed a hellion
   160 | D        | Reached skill level 6 in Spellcasting
   203 | D        | Killed a yaktaur
   205 | D        | Noticed a scorpion
   212 | D        | Killed a white draconian scorcher
   214 | D        | Killed a scorpion
   214 | D        | Reached skill level 7 in Spellcasting
   214 | D        | Reached XP level 4. HP: 15/27 MP: 2/15
   238 | D        | Gained mutation: You possess an exceptional clarity of mind. [potion of mutation]
   238 | D        | Gained mutation: Your muscles are strong. (Str +2) [potion of mutation]
   239 | D        | Lost mutation: Your muscles are strong. (Str +2) [potion of mutation]
   239 | D        | Gained mutation: You have large cloven feet. [potion of mutation]
   239 | D        | Gained mutation: You passively map a small area around you. [potion of mutation]
   239 | D        | Gained mutation: You are somewhat resistant to further mutation. [potion of mutation]
   253 | D        | Killed a white draconian scorcher
   406 | D        | Learned a level 4 spell: Sticky Flame
   541 | D        | Noticed a water elemental
   545 | D        | Killed a water elemental
   545 | D        | Reached skill level 5 in Dodging
   545 | D        | Reached skill level 8 in Spellcasting
   545 | D        | Reached skill level 5 in Fire Magic
   545 | D        | Reached XP level 5. HP: 32/32 MP: 10/17
   595 | D        | Learned a level 5 spell: Fireball
   595 | D        | Found a radiant altar of Vehumet.
   596 | D        | Found a deep blue altar of Sif Muna.
   596 | D        | Found an ancient bone altar of Kikubaaqudgha.
   597 | D        | Noticed an orange demon
   610 | D        | Became a worshipper of Vehumet
   615 | D        | Learned a level 3 spell: Mephitic Cloud
   667 | D        | Found a glowing silver altar of Zin.
   668 | D        | Found a glowing golden altar of the Shining One.
   668 | D        | Found a white marble altar of Elyvilon.
   668 | D        | Noticed a deep elf mage
   676 | D        | Killed from afar by a deep elf mage

Vault maps used:
D:        dungeon_sprint_mu

Skill      XL: |  1  2  3  4  5 |
---------------+----------------+-----
Spellcasting   | 5 7 8 |  8.7
Fighting       | 1 2 3 |  3.3
Armour         | 1 2 3 |  3.3
Dodging        | 3 4 5 |  5.6
Conjurations   | 2 3 4 |  4.6
Fire Magic     | 4 5 |  5.6
Stealth        | |  2.4

Action                   |  1- 3 |  4- 6 || total
-------------------------+-------+-------++-------
Melee: Dagger            |       |     1 ||     1
 Cast: Flame Tongue      |    17 |     4 ||    21
       Throw Flame       |     4 |       ||     4
       Conjure Flame     |       |     1 ||     1
       Sticky Flame      |       |     3 ||     3
  Use: Potion            |       |     2 ||     2
Dodge: Dodged            |     2 |     4 ||     6
